 Dungeon Crawl Stone Soup version 0.27-a0-972-gd1521fd518 (webtiles) character file.

Game seed: 12491393518526575321

376 kae the Ruffian (level 6, -3/51 HPs)
             Began as a Draconian Transmuter on Apr 13, 2021.
             Slain by a shadow (29 damage)
             ... on level 4 of the Dungeon.
             The game lasted 00:03:29 (4382 turns).

kae the Ruffian (Draconian Transmuter)              Turns: 4382, Time: 00:03:29

Health: -3/51      AC:  2    Str: 14    XL:     6   Next: 44%
Magic:  7/10       EV: 20    Int: 13    God:
Gold:   776        SH:  0    Dex: 17    Spells: 2/11 levels left

rFire    . . .     SeeInvis .     - Unarmed
rCold    . . .     Faith    .   (shield currently unavailable)
rNeg     . . .     Spirit   .   (armour unavailable)
rPois    x         Reflect  .   (helmet currently unavailable)
rElec    .         Harm     .   (cloak currently unavailable)
rCorr    .         Rampage  .   (gloves currently unavailable)
Will     .....                  (boots currently unavailable)
Stlth    ++........             (no amulet)
HPRegen  0.17/turn              (no ring)
MPRegen  0.12/turn              (no ring)

@: spider-form
A: venomous fangs, AC +6, tiny, unfitting armour, (cold-blooded)
a: End Transformation


You were on level 4 of the Dungeon.
You were a venomous arachnid creature.
You visited 2 branches of the dungeon, and saw 6 of its levels.

You collected 776 gold pieces.

Inventory:

Armour
 a - a scarf of shadows (melded)
 c - a +1 pair of gloves (melded)
Potions
 b - a potion of berserk rage
 d - 2 potions of curing
 e - a potion of attraction {unknown}
 f - a potion of might {unknown}
 g - a potion of haste {unknown}
 h - a potion of resistance {unknown}
 i - a potion of ambrosia {unknown}


   Skills:
 + Level 3.2 Fighting
 + Level 3.0 Dodging
 + Level 4.0 Unarmed Combat
 + Level 3.1 Spellcasting
 + Level 3.3 Transmutations
 * Level 0.0 Ice Magic
 - Level 2.0 Poison Magic


You had 2 spell levels left.
You knew the following spells:

 Your Spells              Type           Power      Damage    Failure   Level
a - Beastly Appendage     Tmut           20%        N/A       17%         1
b - Animate Skeleton      Necr           4%         N/A       43%         1
c - Spider Form           Tmut/Pois      4%         N/A       43%         3
d - Ice Form              Ice/Tmut       6%         N/A       89%         4

Your spell library contained the following spells:

 Spells                   Type           Power      Damage    Failure   Level
 Wereblood                Tmut           10%        N/A       22%         2
 Apportation              Tloc           4%         N/A       43%         1
 Corona                   Hex            2%         N/A       43%         1
 Summon Small Mammal      Summ           8%         N/A       43%         1
 Hydra Form               Tmut           5%         N/A       95%         5


Dungeon Overview and Level Annotations

Branches:
Dungeon (5/15)             Temple (1/1) D:4

Altars:
Cheibriados
Elyvilon
Nemelex Xobeh
Okawaru
Qazlal
Sif Muna
Trog
Uskayaw
Wu Jian
Xom
Yredelemnul
The Shining One

Annotations:
D:4 Alarkh's ghost, amateur DsTm


Innate Abilities, Weirdness & Mutations

You are a venomous arachnid creature.
You have poisonous fangs.
You are tiny and dextrous.
Your spellcasting is less reliable in this form.
Your armour is entirely melded.
You are incapable of wielding weapons or throwing items.
((Your plain brown scales are hard. (AC +6)))
You cannot fit into any form of body armour.
((You are cold-blooded and may be slowed by cold attacks.))


Message History

You see here a +0 war axe.
There is a transporter here.
You enter the transporter and appear at another place.
You see here an amethyst potion.
i - an amethyst potion
There is a transporter here.
You enter the transporter and appear at another place.
Done exploring.
Done exploring.
Done exploring.
(D) Dungeon (T) Temple
Where to? (Enter - D:4 @ (x,y), ? - help) Alarkh's ghost stares at you.
There is a stone staircase leading down here.
You climb downwards.
The shadow barely misses you.
There is a stone staircase leading up here.
A shadow is nearby!
The shadow barely misses you.
You climb upwards.
Level annotation: Alarkh's ghost, amateur DsTm
There is a stone staircase leading down here.
Casting: Spider Form (dangerous; 22% risk of failure)
Confirm with . or Enter, or press ? or * to list all spells.
You turn into a venomous arachnid creature.
Your scarf of shadows melds into your body.
Your +1 pair of gloves melds into your body.
The dungeon's light returns to normal.
The shadow slips into darkness.
The shadow flickers and vanishes!
Deactivating autopickup; reactivate with Ctrl-A.
The shadow strikes at you from the darkness!
Reactivating autopickup.
You barely miss the shadow.
The shadow slips into darkness.
The shadow flickers and vanishes!
Deactivating autopickup; reactivate with Ctrl-A.
You barely miss something.
The shadow strikes at you from the darkness!
Ouch! That really hurt!
You die...

'........##..###..##'#..#.#
####.######.).##..........#
###...#####.#.##..........#
....©.......#..#..........#
###########.##.#..........#
[.........#.##............#
..........#.###...........#
.##...##..#.###...#'#<..#.#
.#8.Z.8#..#.....s.#.###.#.#
.##...##..#.#####{#.....#.#
...Z©.....#.#####.#######.#
.##...##.Z#.............#.#
.#8...8#.W#..##########.#.#######
.##...##.Z#..# #.#........
.........Z#..# #.##.##.###
...$($...n#..# #.#........
###########..# #.#...#'#..


There were no monsters in sight!

Vanquished Creatures
  Sigmund (D:4)
  A scorpion (D:4)
  A hound (D:4)
  A centaur skeleton (D:2)
  2 adders
  An adder skeleton (D:4)
  A worm (D:3)
  3 dart slugs
  4 endoplasms
  6 giant cockroaches
  3 hobgoblins
  4 jackals (D:1)
  5 kobolds
  A quokka (D:1)
  8 ball pythons
  6 bats
  A frilled lizard (D:2)
  9 goblins
  7 rats
65 creatures vanquished.

Vanquished Creatures (collateral kills)
  An adder (D:3)
1 creature vanquished.

Grand Total: 66 creatures vanquished

Notes
Turn   | Place    | Note
-------+----------+-------------------------------------------
     0 | D:1      | kae the Draconian Transmuter began the quest for the Orb.
     0 | D:1      | Reached XP level 1. HP: 16/16 MP: 3/3
   119 | D:1      | Reached XP level 2. HP: 6/23 MP: 5/5
   624 | D:1      | Found Eckiuv's Weapon Shoppe.
  1109 | D:2      | Reached XP level 3. HP: 29/29 MP: 4/6
  1588 | D:2      | Reached XP level 4. HP: 31/36 MP: 7/7
  1891 | D:2      | Found a faded altar of an unknown god.
  2009 | D:3      | Learned a level 1 spell: Animate Skeleton
  2013 | D:3      | Learned a level 3 spell: Spider Form
  2869 | D:3      | Found a stormy altar of Qazlal.
  3241 | D:4      | Identified a scroll of acquirement
  3241 | D:4      | Acquired 608 gold pieces
  3375 | D:4      | Found a staircase to the Ecumenical Temple.
  3389 | Temple   | Entered the Ecumenical Temple
  3722 | D:4      | Identified the +2 helmet of Squeaky Fun {rPois rF+}
  3732 | D:4      | Found a glowing golden altar of the Shining One.
  3785 | D:4      | Reached skill level 1 in Poison Magic
  3987 | D:4      | Noticed a necrophage
  3988 | D:4      | Found a transporter.
  4009 | D:4      | Found a transporter.
  4009 | D:4      | Noticed Alarkh's ghost (amateur DsTm)
  4047 | D:4      | Noticed a scorpion
  4063 | D:4      | Reached XP level 5. HP: 42/42 MP: 1/9
  4201 | D:4      | Noticed Sigmund
  4211 | D:4      | Killed Sigmund
  4212 | D:4      | Reached skill level 4 in Unarmed Combat
  4212 | D:4      | Reached XP level 6. HP: 40/51 MP: 6/10
  4301 | D:4      | Learned a level 4 spell: Ice Form
  4325 | D:5      | Entered Level 5 of the Dungeon
  4326 | D:5      | Noticed a shadow
  4382 | D:4      | Slain by a shadow

Illustrated notes

Levels and vault maps discovered:
D:1:      matt_arrival_refuge, layout_basic, serial_shops, nicolae_shop_stone,
          minmay_misc_feat_enclosed
D:2:      layout_loops_ring, shapermc_ecumenical_altar_hornbeckon
D:3:      layout_basic, grunt_qazlal_sundering
D:4:      layout_basic, tso_altar, minmay_temple_entry_mist,
          gammafunk_ghost_mausoleum, nicolae_ossuary_entry_plus,
          kennysheep_generic_room_16, uniq_sigmund
D:5:      layout_basic, nicolae_ru_awakened_eye
Temple:   dpeg_chambers_temple

Skill      XL: |  1  2  3  4  5 |
---------------+----------------+-----
Dodging        | 2 3 |  3.0
Fighting       | 2 3 |  3.2
Poison Magic   | 1 2 |  2.0
Transmutations | 3 |  3.3
Unarmed Combat | 4 |  4.0
Spellcasting   | 3 |  3.1

Action                   |  1- 3 |  4- 6 || total
-------------------------+-------+-------++-------
Melee: Unarmed           |    81 |   118 ||   199
       Tailslap          |     8 |     8 ||    16
       Punch             |     1 |     2 ||     3
       Kick              |     5 |     9 ||    14
       Headbutt          |     3 |     5 ||     8
 Cast: Beastly Appendage |    13 |     9 ||    22
       Spider Form       |       |     6 ||     6
       Animate Skeleton  |       |     1 ||     1
  Use: Scroll            |     1 |     6 ||     7
       Potion            |       |     1 ||     1
 Stab: Sleeping          |     1 |     1 ||     2
Armor: Skin              |    33 |    36 ||    69
Dodge: Dodged            |    70 |    78 ||   148

Table legend: (Time is in decaauts)
 A = Elapsed time spent in this place.
 B = Non-inter-level travel time spent in this place.
 C = Inter-level travel time spent in this place.
 D = Time resting spent in this place.
 E = Time spent auto-exploring this place.
 F = Levels seen in this place.
 G = Mean time per level.
                   A        B        C        D        E       F      G
               +--------+--------+--------+--------+--------+-----+--------+
         Total |   4388 |   4228 |    160 |    408 |   3292 |   6 |  731.3 |
       Dungeon |   4144 |   3988 |    156 |    408 |   3053 |   5 |  828.8 |
        Temple |    243 |    239 |      4 |      0 |    239 |   1 |  243.0 |
               +--------+--------+--------+--------+--------+-----+--------+

Top non-repeatable levels by time:
     D:3: 1230 daAuts
     D:1: 1097 daAuts
     D:2: 911 daAuts
     D:4: 898 daAuts
  Temple: 243 daAuts
     D:5: 6 daAuts
